 Dungeon Crawl Stone Soup version 0.18.1-48-g4cf74bf (webtiles) character file.

280 JustSomeDude the Sneak (level 6, 0/46 HPs)
             Began as a Demonspawn Assassin on July 28, 2016.
             Slain by a jackal (1 damage)
             ... on level 4 of the Dungeon.
             The game lasted 00:23:00 (2338 turns).

JustSomeDude the Sneak (Demonspawn Assassin)        Turns: 2338, Time: 00:23:01

Health: 0/46       AC:  5    Str: 12    XL:     6   Next: 5%
Magic:  6/6        EV: 12    Int: 17    God:
Gold:   59         SH:  0    Dex: 16    Spells: 0 memorised, 5 levels left

rFire  + + .     SeeInvis .     a - +2 dagger
rCold  + . .     Gourm    .     l - +0 leather armour
rNeg   . . .     Faith    .     (no shield)
rPois  +         Spirit   .     (helmet restricted)
rElec  +         Dismiss  .     d - +0 cloak
rCorr  +         Reflect  .     (no gloves)
SustAt .         Harm     .     (no boots)
MR     .....                    (no amulet)
Stlth  ++++......               (no ring)
                                (no ring)

@: brilliant, resistant, not resistant to hostile enchantments, stealthy
A: antennae 1, molten scales 1, fire resistance 1, nightstalker 1
a: no special abilities


You were on level 4 of the Dungeon.
You were not hungry.

You visited 1 branch of the dungeon, and saw 4 of its levels.

You collected 59 gold pieces.

Inventory:

Hand Weapons
 a - a +2 dagger (weapon)
 b - a +0 blowgun
Missiles
 e - 5 poisoned needles
Armour
 d - a +0 cloak (worn)
 l - a +0 leather armour (worn)
Scrolls
 c - 2 scrolls of identify
Comestibles
 g - 2 bread rations
 j - 2 slices of pizza
 k - 2 meat rations


   Skills:
 + Level 2.8 Fighting
 + Level 2.2 Short Blades
 + Level 2.5 Throwing
 + Level 1.3 Armour
 + Level 2.1 Dodging
 + Level 5.5 Stealth


You had 5 spell levels left.
You didn't know any spells.

Dungeon Overview and Level Annotations

Branches:
Dungeon (4/15)
 Temple: D:4-7

Altars:

Annotations:
D:4 Joat's ghost, amateur SpAs


Innate Abilities, Weirdness & Mutations

You have a pair of small antennae on your head.
You are partially covered in molten scales (AC +1).
Your flesh is heat resistant.
You are slightly more attuned to the shadows.


Message History

The jackal bites you but does no damage. x3
You hit the jackal.
The jackal is almost dead.
The jackal bites you but does no damage. x3
The worker ant bites you but does no damage.
The jackal bites you but does no damage.
The gnoll zombie hits you but does no damage.
Joat's ghost screams, "You will never get the ORB!"
You hit the jackal.
You kill the jackal!
You feel less woody.
Your +0 cloak unmelds from your body.
Your +0 leather armour unmelds from your body.
The jackal bites you.
* * * LOW HITPOINT WARNING * * *
The jackal bites you but does no damage.
The jackal closely misses you. The worker ant closely misses you.
The jackal bites you but does no damage.
The jackal barely misses you. The jackal bites you.
You die...

##.. #....
#..... .###
##......
....##......#
#l...Z...#
##a@h..#
###.h)h.##
#....W..#
#.........#
#.........#..#
........####..#
.......## ##.
......## ....h#


You could see an iguana, a worker ant, Joat's ghost, a gnoll zombie and 3
jackals.

Vanquished Creatures
  Sigmund (D:2)
  An orc priest (D:3)
  An orc wizard (D:3)
  An ooze (D:1)
  2 dart slugs
  5 giant geckos
  6 orcs
  3 giant cockroaches (D:1)
  7 goblins
  9 hobgoblins
  2 jackals (D:4)
  5 bats
  2 giant newts
  11 kobolds
  6 rats
62 creatures vanquished.

Notes
Turn   | Place    | Note
--------------------------------------------------------------
     0 | D:1      | JustSomeDude the Demonspawn Assassin began the quest for the Orb.
     0 | D:1      | Reached XP level 1. HP: 16/16 MP: 1/1
    36 | D:1      | Reached skill level 4 in Stealth
    36 | D:1      | Gained mutation: You are slightly more attuned to the shadows. [demonic ancestry]
    36 | D:1      | Reached XP level 2. HP: 3/22 MP: 2/2
   568 | D:1      | Reached skill level 1 in Dodging
   944 | D:1      | Reached XP level 3. HP: 27/27 MP: 3/3
  1412 | D:2      | Noticed Sigmund
  1425 | D:2      | Killed Sigmund
  1425 | D:2      | Reached skill level 5 in Stealth
  1425 | D:2      | Gained mutation: You have a pair of small antennae on your head. [demonic ancestry]
  1425 | D:2      | Reached XP level 4. HP: 34/34 MP: 4/4
  1425 | D:2      | Gained mutation: You are partially covered in molten scales (AC +1). [demonic ancestry]
  1425 | D:2      | Reached XP level 5. HP: 39/39 MP: 5/5
  1496 | D:2      | Found a faded altar to an unknown god.
  2255 | D:3      | Reached skill level 1 in Armour
  2306 | D:3      | Gained mutation: Your flesh is heat resistant. [demonic ancestry]
  2306 | D:3      | Reached XP level 6. HP: 15/46 MP: 6/6
  2326 | D:4      | Noticed Joat's ghost (amateur SpAs)
  2331 | D:4      | HP: 3/69 [jackal (1)]
  2336 | D:4      | HP: 3/69 [jackal (1)]
  2338 | D:4      | HP: 1/46 [jackal (1)]
  2338 | D:4      | Slain by a jackal

Skill      XL: |  1  2  3  4  5 |
---------------+----------------+-----
Stealth        | 4 5 |  5.5
Throwing       | 2 |  2.5
Dodging        | 1 2 |  2.1
Short Blades   | 2 |  2.2
Armour         | 1 |  1.3
Fighting       | |  2.8

Action                   |  1- 3 |  4- 6 || total
-------------------------+-------+-------++-------
Melee: Dagger            |    97 |   132 ||   229
 Fire: Blowgun           |    13 |     3 ||    16
  Use: Potion            |     1 |     6 ||     7
       Scroll            |       |     4 ||     4
 Stab: Sleeping          |    12 |     3 ||    15
       Distracted        |     1 |       ||     1
  Eat: Chunk             |     2 |       ||     2
       Meat ration       |       |     1 ||     1
Armor: Robe              |    12 |       ||    12
       Leather armour    |     7 |    34 ||    41
       Skin              |       |    56 ||    56
Dodge: Dodged            |    58 |    57 ||   115
